cohdb
Replays
Latest Replays
All Replays
Popular Replays
Top Player Replays
Match Explorer
How It Works
Community
CoH3 Stats
Reddit
Sign in to upload your games and track your stats! →
Sign in with Steam
Match 43268127
Unlisted
Match 43268127
Overview
Messages
Build Orders
End
Vickers Machine Gun Team
Construct Section Command Post
Infantry Section
Royal Engineer Section
Grenade Package
Infantry Section
Selects Indian Artillery Battlegroup
Construct Platoon Command Post
Selects Towed ML 4.2-inch Heavy Mortar
Towed ML 4.2-inch Heavy Mortar
Vickers Machine Gun Team
Selects Valour
Selects Gurkha Rifles Section
Gurkha Rifles Section
6-pounder Anti-tank Gun Team
Gurkha Rifles Section
Construct Company Command Post
Selects Volunteer Infantry
Unlock M3 Grant Medium Tanks
Selects Off-map Airburst Barrage
Microsoft Outlook
deadsadbadmad
Oncle-Hô
Z3tN13
0
0
Comments
sign in to comment!
No comments posted yet!